 Dungeon Crawl Stone Soup version 0.29.1-2-gbd0b4ee654 (webtiles) character file.

Game seed: 3888090508694016782

24 cdecastro the Ruffian (level 3, -1/31 HPs)
             Began as a Naga Transmuter on Oct 28, 2022.
             Was a Follower of Uskayaw.
             Slain by an adder (3 damage)
             ... on level 2 of the Dungeon.
             The game lasted 00:02:10 (1516 turns).

cdecastro the Ruffian (Naga Transmuter)             Turns: 1516, Time: 00:02:10

Health: -1/31      AC:  2    Str: 12    XL:     3   Next: 2%
Magic:  6/6        EV:  9    Int: 15    God:    Uskayaw [*.....]
Gold:   46         SH:  0    Dex: 11    Spells: 5/6 levels left

rFire   . . .      SeeInvis +     - Unarmed
rCold   . . .      Faith    .   (no shield)
rNeg    . . .      Spirit   .   a - +0 robe
rPois   +          Reflect  .   (helmet currently unavailable)
rElec   .          Harm     .   (no cloak)
rCorr   .          Rampage  .   (no gloves)
Will    .....                   (no barding)
Stlth   ++........              f - amulet of magic regeneration
HPRegen 0.10/turn               (no ring)
MPRegen 0.50/turn               (no ring)

@: appendages (expiring), very slow
A: horns 2, AC +1, large, see invisible, deformed body, poison resistance,
slowness 2, spit poison 1, naga tail 1
a: Spit Poison, End Transformation, Renounce Religion, Stomp


You were on level 2 of the Dungeon.
You worshipped Uskayaw.
Uskayaw was noncommittal.
You had temporarily grown beastly horns.
You visited 1 branch of the dungeon, and saw 2 of its levels.

You collected 46 gold pieces.

Inventory:

Missiles
 g - 4 boomerangs
Armour
 a - a +0 robe (worn)
 j - a +2 helmet of intelligence
Jewellery
 f - an amulet of magic regeneration (around neck)
Scrolls
 c - a scroll of noise {unknown}
 e - a scroll of brand weapon {unknown}
 h - a scroll of butterflies {unknown}
 k - a scroll of identify {unknown}
Potions
 b - a potion of lignification
 d - a potion of curing {unknown}
 i - a potion of attraction {unknown}


   Skills:
 - Level 1.0 Fighting
 - Level 1.5 Dodging
 + Level 2.1 Stealth
 - Level 3.0 Unarmed Combat
 - Level 2.0 Spellcasting
 * Level 3.0 Transmutations


You had 5 spell levels left.
You knew the following spells:

 Your Spells              Type           Power      Damage    Failure   Level
a - Beastly Appendage     Tmut           20%        N/A       6%          1

Your spell library contained the following spells:

 Spells                   Type           Power      Damage    Failure   Level
 Wereblood                Tmut           10%        N/A       10%         2
 Spider Form              Tmut/Pois      6%         N/A       34%         3
 Ignite Poison            Fire/Tmut/Pois 4%         N/A       41%         3
 Conjure Flame            Conj/Fire      1%         6-21      54%         3
 Ice Form                 Ice/Tmut       6%         N/A       75%         4
 Sticky Flame             Conj/Fire      1%         2d3       91%         4


Dungeon Overview and Level Annotations

Branches:
Dungeon (2/15)

Altars:
Uskayaw


Innate Abilities, Weirdness & Mutations

You have temporarily grown beastly horns.
Your serpentine skin is tough. (AC +1)
You have supernaturally acute eyesight. (SInv)
Armour fits poorly on your strangely shaped body.
Your system is resistant to poisons. (rPois)
You cover ground very slowly.
You can spit poison.
You have a snake-like lower body.


Message History

The adder bites you. The adder bites you. x2
You see here a yellow potion.
You barely miss the adder. Your headbutt misses the adder. The adder bites you.
You barely miss the adder. Your headbutt misses the adder.
The adder barely misses you. The adder bites you.
* * * LOW HITPOINT WARNING * * *
You barely miss the adder. The adder bites you.
* * * LOW HITPOINT WARNING * * *
You closely miss the adder. The adder bites you but does no damage.
You miss the adder. The adder barely misses you.
You hit the adder.
The adder is heavily wounded.
Your transformation is almost over.
The adder barely misses you.
You hit the adder.
The adder is heavily wounded.
The adder closely misses you. The adder bites you.
* * * LOW HITPOINT WARNING * * *
You barely miss the adder. Your headbutt misses the adder.
The adder is heavily wounded.
The adder bites you.
* * * LOW HITPOINT WARNING * * *
You barely miss the adder.
The adder is heavily wounded.
The adder bites you but does no damage.
You miss the adder.
The adder is heavily wounded.
The adder bites you.
* * * LOW HITPOINT WARNING * * *
You barely miss the adder.
The adder is heavily wounded.
The adder bites you.
* * * LOW HITPOINT WARNING * * *
You miss the adder. Your headbutt misses the adder.
The adder is heavily wounded.
The adder bites you.
* * * LOW HITPOINT WARNING * * *
The adder bites you.
You die...

#.#.............#.#
###............
....####
............>####......
#......# #.......#
#..†...# #.......#
#...####+##.......#
#...##....#.......#
#...S.....##..)####
#.#@##....##†..#####
#...................
#...#.....<........<
.....####.#.#########
..#.... .[.#.#
......######.#.# ......
..... ...... #.#.# #.#


You could see an adder.

Vanquished Creatures
  A dart slug (D:1)
  3 ball pythons
  4 bats (D:1)
  2 endoplasms (D:1)
  3 giant cockroaches (D:1)
  A hobgoblin (D:1)
  A quokka (D:2)
  2 frilled lizards (D:1)
  A kobold (D:2)
  2 rats
20 creatures vanquished.

Notes
Turn   | Place    | Note
-------+----------+-------------------------------------------
     0 | D:1      | cdecastro the Naga Transmuter began the quest for the Orb.
     0 | D:1      | Reached XP level 1. HP: 18/18 MP: 3/3
   202 | D:1      | Reached skill level 1 in Stealth
   202 | D:1      | Reached XP level 2. HP: 17/25 MP: 3/5
   941 | D:1      | Found a faded altar of an unknown god.
   943 | D:1      | Noticed a shining eye
   943 | D:1      | Noticed a floating eye
   944 | D:1      | Noticed a shining eye
   944 | D:1      | Noticed a great orb of eyes
  1035 | D:1      | Prayed at the altar of an unknown god.
  1035 | D:1      | Became a worshipper of Uskayaw the Reveller
  1035 | D:1      | Reached * piety under Uskayaw
  1336 | D:2      | Reached ** piety under Uskayaw
  1475 | D:2      | Reached XP level 3. HP: 22/31 MP: 6/6
  1516 | D:2      | Slain by an adder

Illustrated notes

Levels and vault maps discovered:
D:1:      denvon_arrival_planthouse, layout_basic,
          hellmonk_ecumenical_altar_watching_god
D:2:      layout_basic, basic_altar, nicolae_shop_vocational

Skill      XL: |  1  2 |
---------------+-------+-----
Stealth        | 1 2 |  2.1
Transmutations | 3 |  3.0
Fighting       | |  1.0
Dodging        | |  1.5
Unarmed Combat | |  3.0
Spellcasting   | |  2.0

Action                   || total
-------------------------++-------
Melee: Unarmed           ||    83
       Headbutt          ||     5
       Punch             ||     1
 Cast: Beastly Appendage ||    18
Armor: Robe              ||    19
Dodge: Dodged            ||    42
